 Dungeon Crawl Stone Soup version 0.19.1 (webtiles) character file.

3632 AAAAA the Skirmisher (level 9, -5/75 HPs)
             Began as a Demigod Wanderer on Nov 26, 2016.
             Killed by divine providence
             ... invoked by an orc priest
              (15 damage)
             ... on level 7 of the Dungeon.
             The game lasted 00:22:13 (12933 turns).

AAAAA the Skirmisher (Demigod Wanderer)            Turns: 12933, Time: 00:22:14

Health: -5/75      AC:  7    Str: 14    XL:     9   Next: 57%
Magic:  17/20      EV: 15    Int: 17    God:
Gold:   323        SH:  0    Dex: 21    Spells: 2 memorised, 15 levels left

rFire  . . .     SeeInvis .       - Unarmed
rCold  . . .     Gourm    .     j - +0 ring mail
rNeg   . . .     Faith    .     (no shield)
rPois  .         Spirit   .     E - +2 hat
rElec  .         Reflect  .     (no cloak)
rCorr  .         Harm     .     (no gloves)
MR     .....                    (boots currently unavailable)
Stlth  +++.......               (no amulet)
                                (no ring)
                                A - ring of stealth

@: appendage
A: talons 3, high mp 1
a: End Transformation


You were on level 7 of the Dungeon.
You were very hungry.
You had grown temporary talons.
You visited 1 branch of the dungeon, and saw 8 of its levels.
You also visited: Bailey.

You collected 323 gold pieces.

Inventory:

Hand Weapons
 e - a +0 dagger
Missiles
 n - a throwing net (quivered)
 p - 21 poisoned needles
 H - 56 arrows
Armour
 j - a +0 ring mail (worn)
 E - a +2 hat (worn)
Jewellery
 g - an uncursed ring of protection from fire {unknown}
 A - a ring of stealth (left hand)
Wands
 r - a wand of flame (19/48)
 I - a wand of disintegration (24/24)
Scrolls
 h - 2 scrolls of magic mapping
 i - 2 scrolls of teleportation
 k - 2 scrolls of remove curse
 m - a scroll of blinking {unknown}
 q - a scroll of noise {unknown}
 s - 3 scrolls of recharging
 t - a scroll of identify
 y - a scroll of random uselessness {unknown}
 D - a scroll of fear
 F - a scroll of enchant armour {unknown}
Potions
 a - 2 potions of haste
 b - 2 potions of berserk rage
 c - 4 potions of lignification
 l - a potion of magic
 o - 2 potions of cancellation
 u - a potion of curing
 v - a potion of brilliance {unknown}
 w - a potion of heal wounds {unknown}
 B - a potion of resistance {unknown}
 C - a potion of agility
Books
 z - a book of Changes

   Spells                             Type                      Level
   a - Beastly Appendage              Transmutation                1
   b - Sticks to Snakes               Transmutation                2
   c - Spider Form                    Transmutation/Poison         3
   d - Ice Form                       Ice/Transmutation            4
   e - Blade Hands                    Transmutation                5
Comestibles
 d - 2 meat rations
 f - 6 bread rations
 x - 2 fruits


   Skills:
 - Level 6.2 Fighting
   Level 1.0 Axes
 - Level 1.7 Armour
 - Level 5.8 Dodging
 - Level 1.7 Stealth
   Level 1.0 Shields
 - Level 6.0 Unarmed Combat
 + Level 5.0 Spellcasting
 + Level 5.5 Transmutations


You had 15 spell levels left.
You knew the following spells:

 Your Spells              Type           Power        Failure   Level  Hunger
a - Beastly Appendage     Tmut           ###...       3%          1    None
b - Sticks to Snakes      Tmut           ###.....     6%          2    #......


Dungeon Overview and Level Annotations

Branches:
Dungeon (8/15)             Temple (0/1) D:5
   Lair: D:8-11


Innate Abilities, Weirdness & Mutations

You have an increased reservoir of magic. (+10% MP)
You have claws for feet.


Message History

The orc priest misses you.
You barely miss the orc priest. Your kick misses the orc priest.
The orc priest is lightly wounded.
The orc priest barely misses you.
Your magical contamination has completely faded away.
You punch the orc priest!
The orc priest is severely wounded.
The orc priest invokes the aid of Beogh against you.
Beogh smites you!
* * * LOW HITPOINT WARNING * * *
You hit the orc priest.
You claw the orc priest, but do no damage.
The orc priest is severely wounded.
The orc priest mumbles some strange prayers to Beogh against you.
You resist with significant effort.
You hit the orc priest.
The orc priest is almost dead.
The orc priest mumbles some strange prayers to Beogh against you.
Beogh smites you!
You die...

## .#########################
......[..................########
.#######################.........
.################################
...............o@..........# #
#########.....)###########.# #
#......###†....###.######
#.......[>...............
#.......#...o..#....##...
###.......#......#....##...
#.........#......#..#'##...
#............#####..+_'.##.
#............'......#'#....


You could see an orc priest.

Vanquished Creatures
  A spriggan (D:7)
  A water moccasin (D:5)
  5 sky beasts
  An orc warrior (D:7)
  4 ogres
  A necrophage (D:7)
  4 centaurs
  2 bullfrogs
  A scorpion (D:5)
  A killer bee (D:7)
  13 wights
  3 crimson imps
  4 hounds
  A jelly (D:5)
  3 orc priests
  2 bullfrog skeletons
  7 orc wizards
  3 iguanas
  Ijyb (D:3)
  Terence (D:1)
  8 worker ants
  4 hound skeletons
  16 adders
  2 shadow imps
  An ooze (D:1)
  An adder skeleton (D:4)
  A dart slug (D:1)
  5 leopard geckos
  35 orcs
  A ball python (D:3)
  6 bats
  4 giant cockroaches
  9 goblins
  5 hobgoblins
  12 jackals
  7 kobolds
  7 quokkas
  7 frilled lizards
  A giant cockroach zombie (D:6)
  A leopard gecko skeleton (D:4)
  2 quokka skeletons
  5 rats
199 creatures vanquished.

Vanquished Creatures (collateral kills)
  A bullfrog (D:8)
  A killer bee (D:8)
2 creatures vanquished.

Grand Total: 201 creatures vanquished

Notes
Turn   | Place    | Note
-------+----------+-------------------------------------------
     0 | D:1      | AAAAA the Demigod Wanderer began the quest for the Orb.
     0 | D:1      | AAAAA set off with: a potion of haste, a potion of berserk rage, 2 potions of lignification, a +0 robe, a +0 dagger, a bread ration
     0 | D:1      | Reached XP level 1. HP: 16/16 MP: 3/3
   290 | D:2      | Noticed Terence
   616 | D:1      | Reached XP level 2. HP: 18/23 MP: 4/4
  1565 | D:2      | Reached XP level 3. HP: 23/28 MP: 5/5
  2091 | D:2      | Reached XP level 4. HP: 27/35 MP: 6/6
  2428 | D:1      | Killed Terence
  2428 | D:1      | Reached skill level 5 in Unarmed Combat
  2808 | D:3      | Noticed Ijyb
  2834 | D:3      | Killed Ijyb
  2834 | D:3      | Reached XP level 5. HP: 28/40 MP: 7/7
  3961 | D:4      | Noticed an ogre
  3975 | D:4      | Killed an ogre
  3975 | D:4      | Reached XP level 6. HP: 6/50 MP: 8/8
  5631 | D:4      | Found a deep blue altar of Sif Muna.
  5631 | D:4      | Found a shattered altar of Ashenzari.
  5993 | D:5      | Entered Level 5 of the Dungeon
  6004 | D:5      | Reached XP level 7. HP: 60/60 MP: 9/9
  6075 | D:5      | Reached skill level 5 in Fighting
  6499 | D:5      | Found a staircase to the Ecumenical Temple.
  6970 | D:5      | Reached skill level 1 in Dodging
  7541 | D:6      | Reached XP level 8. HP: 39/70 MP: 10/10
  7863 | D:6      | Noticed a red ugly thing
  8872 | D:6      | Reached skill level 5 in Dodging
  9770 | D:6      | Learned a level 1 spell: Beastly Appendage
  9773 | D:6      | Learned a level 2 spell: Sticks to Snakes
  9877 | D:6      | Reached skill level 1 in Spellcasting
  9877 | D:6      | Reached skill level 1 in Transmutations
 10363 | D:7      | Found a hazy altar of Hepliaklqana.
 10830 | D:7      | Reached XP level 9. HP: 50/75 MP: 16/16
 11656 | D:8      | Found a flagged portal.
 11695 | Bailey   | Entered a bailey
 11703 | Bailey   | Noticed a deep elf mage
 11716 | Bailey   | Noticed a deep elf mage
 11719 | Bailey   | Noticed a deep elf mage
 11723 | Bailey   | Noticed a deep elf mage
 11723 | Bailey   | Noticed a deep elf mage
 12133 | D:8      | Reached skill level 5 in Transmutations
 12834 | D:7      | Reached skill level 5 in Spellcasting
 12933 | D:7      | Killed from afar by an orc priest

Skill      XL: |  1  2  3  4  5  6  7  8  9 |
---------------+----------------------------+-----
Unarmed Combat | 3 4 5 6 |  6.0
Fighting       | 2 4 6 |  6.2
Dodging        | 3 5 |  5.8
Spellcasting   | 2 5 |  5.0
Transmutations | 3 5 |  5.5
Axes           | |  1.0
Armour         | |  1.7
Stealth        | |  1.7
Shields        | |  1.0

Action                   |  1- 3 |  4- 6 |  7- 9 || total
-------------------------+-------+-------+-------++-------
Melee: Unarmed           |   137 |   277 |   696 ||  1110
       Dagger            |     1 |       |       ||     1
       Punch             |     2 |     9 |    25 ||    36
       Headbutt          |       |       |    15 ||    15
       Kick              |       |       |    36 ||    36
 Cast: Beastly Appendage |       |       |    15 ||    15
       Sticks to Snakes  |       |       |    12 ||    12
Evoke: Wand              |       |       |     4 ||     4
  Use: Potion            |       |     1 |     5 ||     6
       Scroll            |       |       |    12 ||    12
 Stab: Sleeping          |     2 |     2 |     2 ||     6
  Eat: Chunk             |     3 |    11 |    20 ||    34
       Beef jerky        |       |     1 |       ||     1
       Royal jelly       |       |       |     1 ||     1
       Fruit             |       |       |     1 ||     1
Armor: Robe              |     8 |       |       ||     8
       Ring mail         |    40 |    84 |   159 ||   283
       Skin              |       |     1 |       ||     1
Dodge: Dodged            |    78 |   116 |   444 ||   638
